Map: Catallena LE (Void)

Players

DangerClose - Winner!

  • Race: Protoss Protoss
  • League: Silver
  • Spawn Location: 5:00

Winthrowe

  • Race: Terran Terran
  • League: Silver
  • Spawn Location: 9:00

VOD

Have the link to the VOD?

Description

Time

  • Played on: Aug. 19, 2017, 10:42 a.m.
  • Length: 23:18
Show
View Real Time Build Order
Export as new Build Order

DangerClose Protoss - Winner!

Build Orders:  

Get SALT Encoding   

  12  0:10  Pylon  
  13  0:14  Probe (Chrono Boost)  
  13  0:30  Gateway  
  13  0:31  Probe (Chrono Boost)  
  14  0:42  Probe (Chrono Boost)  
  15  0:47  Assimilator  
  15  0:52  Probe (Chrono Boost)  
  16  1:03  Probe (Chrono Boost)  
  17  1:13  Probe (Chrono Boost)  
  17  1:17  Zealot (Chrono Boost)  
  20  1:22  Pylon  
  20  1:27  Probe  
  21  1:39  Probe  
  22  1:41  Zealot (Chrono Boost)  
  22  1:42  Assimilator  
  24  1:51  Probe  
  24  1:52  Cybernetics Core  
  25  2:03  Probe  
  25  2:05  Zealot (Chrono Boost)  
  25  2:08  Pylon  
  29  2:15  Probe  
  29  2:27  Probe  
  30  2:35  Stalker (Chrono Boost)  
  32  2:43  Stargate  
  32  2:48  Probe  
  33  3:00  Probe  
  33  3:05  Nexus  
  34  3:13  Pylon, Probe  
  34  3:18  Protoss Air Weapons Level 1 (Chrono Boost)  
  35  3:33  Void Ray  
  39  3:48  Probe  
  40  4:00  Probe  
  41  4:12  Probe  
  42  4:18  Assimilator  
  42  4:20  Assimilator  
  42  4:22  Void Ray (Chrono Boost)  
  46  4:33  Probe  
  46  4:38  Mothership Core  
  49  4:45  Probe  
  50  4:46  Pylon  
  50  4:48  Pylon  
  50  4:57  Probe  
  51  5:06  Void Ray (Chrono Boost)  
  55  5:09  Probe  
  55  5:11  Cybernetics Core  
  55  5:14  Stargate  
  56  5:18  Protoss Air Armor Level 1 (Chrono Boost)  
  56  5:28  Probe  
  57  5:31  Probe  
  58  5:40  Probe  
  59  5:43  Probe  
  59  5:46  Fleet Beacon  
  60  5:52  Probe  
  60  5:55  Probe  
  62  6:04  Probe  
  62  6:07  Probe  
  62  6:09  Nexus  
  64  6:13  Assimilator  
  64  6:15  Assimilator  
  56  6:36  Probe  
  56  6:37  Probe  
  58  6:44  Protoss Air Weapons Level 2 (Chrono Boost)  
  58  6:47  Carrier (Chrono Boost)  
  58  6:48  Probe  
  58  6:50  Probe  
  72  6:55  Protoss Air Armor Level 2 (Chrono Boost), Carrier (Chrono Boost)  
  72  7:00  Probe  
  73  7:02  Probe  
  74  7:14  Probe  
  75  7:24  Probe  
  75  7:26  Probe  
  77  7:36  Stargate, Probe  
  78  7:39  Pylon  
  78  7:41  Pylon  
  78  7:47  Forge  
  78  7:48  Probe  
  79  8:00  Probe  
  80  8:11  Carrier (Chrono Boost)  
  80  8:12  Probe  
  93  8:14  Probe  
  93  8:16  Probe  
  95  8:27  Probe  
  102  8:28  Probe  
  102  8:33  Carrier (Chrono Boost)  
  95  8:47  Assimilator  
  94  8:52  Assimilator  
  94  8:54  Protoss Air Weapons Level 3  
  94  8:55  Nexus, Protoss Air Armor Level 3  
  94  9:09  Mothership Core  
  96  9:20  Protoss Shields Level 1  
  96  9:23  Probe  
  103  9:28  Carrier (Chrono Boost)  
  103  9:29  Carrier (Chrono Boost)  
  109  9:46  Pylon  
  109  9:48  Pylon  
  109  9:50  Pylon  
  109  9:53  Pylon  
  109  9:57  Stargate, Pylon  
  109  10:04  Probe  
  109  10:05  Carrier (Chrono Boost)  
  116  10:10  Probe  
  117  10:16  Probe  
  118  10:22  Probe  
  125  10:28  Probe  
  125  10:34  Probe  
  133  10:49  Carrier (Chrono Boost)  
  133  10:51  Probe  
  133  10:55  Carrier (Chrono Boost)  
  146  11:01  Carrier (Chrono Boost)  
  146  11:03  Probe  
  147  11:04  Stargate  
  147  11:11  Twilight Council  
  147  11:15  Probe  
  148  11:23  Carrier (Chrono Boost)  
  160  12:04  Carrier (Chrono Boost)  
  160  12:23  Pylon  
  160  12:24  Pylon  
  160  12:26  Pylon  
  160  12:29  Pylon  
  160  12:35  Carrier x2 (Chrono Boost), Pylon  
  160  12:38  Carrier (Chrono Boost)  
  160  12:41  Pylon  
  160  12:43  Pylon, Carrier (Chrono Boost)  
  178  12:45  Pylon  
  178  12:48  Pylon  
  184  13:09  Protoss Shields Level 2 (Chrono Boost)  
  184  13:18  Phoenix  
  186  13:24  Stargate  
  186  13:43  Carrier  
  184  14:02  Carrier x2  
  184  14:09  Mothership Core  
  195  15:14  Protoss Shields Level 3 (Chrono Boost)  
  195  16:15  Carrier  
  195  17:08  Carrier  
  195  17:11  Carrier  
  194  17:25  Carrier  
  194  17:28  Carrier  
  197  17:36  Carrier  
  200  18:23  Carrier  
  199  18:57  Carrier (Chrono Boost)  
  200  19:15  Carrier (Chrono Boost)  
  198  20:00  Carrier (Chrono Boost)  
Show
View Real Time Build Order
Export as new Build Order

Winthrowe Terran 

Build Orders:  

Get SALT Encoding   

  12  0:01  SCV  
  13  0:22  SCV  
  13  0:24  Supply Depot  
  14  0:30  Refinery  
  14  0:34  SCV  
  15  0:47  Barracks  
  15  0:49  SCV  
  16  1:01  SCV  
  17  1:13  SCV  
  18  1:25  SCV  
  19  1:35  Supply Depot  
  19  1:37  Marine, SCV  
  21  1:50  Orbital Command  
  21  1:55  Marine  
  22  2:07  Engineering Bay  
  22  2:13  Marine  
  23  2:31  Marine  
  24  2:38  Barracks  
  24  3:00  Command Center  
  24  3:01  Barracks Reactor  
  24  3:29  Barracks Tech Lab, Engineering Bay  
  24  3:39  Factory  
  24  3:51  Marauder  
  24  3:52  Marine x2  
  28  4:10  Marine x2  
  28  4:12  Marauder  
  32  4:21  Supply Depot  
  32  4:28  Marine x2  
  34  4:34  Marauder  
  36  4:40  Cyclone  
  36  4:43  Terran Infantry Armor Level 1  
  36  4:44  Supply Depot  
  39  5:02  Refinery  
  39  5:07  Armory  
  39  5:08  SCV, Refinery  
  39  5:09  SCV  
  39  5:12  Cyclone  
  44  5:20  SCV  
  45  5:31  Refinery  
  45  5:33  Terran Infantry Weapons Level 1  
  45  5:42  Marauder  
  47  5:51  Marine  
  47  5:52  Marine  
  49  6:04  Marauder  
  51  6:05  Supply Depot  
  51  6:09  Marine x2  
  47  6:25  Marauder  
  40  6:27  Marine x2  
  40  6:28  Supply Depot  
  41  6:40  Cyclone  
  41  6:45  Marine x2  
  41  6:46  Marine  
  44  6:47  Planetary Fortress  
  44  6:51  Supply Depot  
  44  7:03  Marine x2  
  44  7:04  Marine  
  47  7:12  Cyclone  
  50  7:20  Marine  
  50  7:21  Marine  
  50  7:22  Marine  
  53  7:29  SCV x2  
  55  7:39  Marine  
  55  7:44  Marine, Cyclone  
  60  7:58  Starport, Marauder  
  62  8:16  Cyclone  
  62  8:19  Marauder  
  67  8:35  Command Center  
  53  8:49  Marine  
  53  8:50  Marine x2  
  37  9:07  Marine  
  37  9:08  Marine x2  
  38  9:12  Terran Infantry Weapons Level 2  
  38  9:14  Terran Infantry Armor Level 2  
  38  9:23  Starport Reactor  
  38  9:25  Marine x2  
  38  9:26  Marine  
  39  9:43  Marine x3  
  39  9:44  Factory Tech Lab  
  42  9:50  Planetary Fortress  
  42  10:06  SCV  
  42  10:07  SCV  
  44  10:12  Marauder  
  46  10:18  Thor, SCV  
  46  10:19  SCV  
  54  10:30  SCV  
  54  10:31  SCV  
  90  10:35  Viking x2  
  56  10:42  SCV  
  61  10:43  SCV  
  62  10:51  SCV  
  62  10:54  SCV  
  62  10:55  SCV  
  65  11:01  Marine  
  65  11:02  Marine x2  
  65  11:03  SCV  
  69  11:05  Viking x2  
  69  11:06  SCV, Stimpack  
  69  11:07  SCV  
  75  11:19  Marine  
  75  11:20  Marine x2  
  78  11:37  Marine x3  
  78  11:54  Viking  
  78  11:55  Marine x2, Viking  
  78  11:57  Marine  
  56  12:13  Marine x2  
  56  12:15  Marine  
  59  12:24  Viking  
  59  12:25  Viking  
  59  12:27  Hellion  
  65  12:30  Marine  
  65  12:31  Marine  
  65  12:32  Marine  
  68  12:48  Marine, Hellion  
  68  12:49  Marine  
  68  12:50  Marine  
  73  12:54  Viking  
  73  12:55  Medivac  
  73  12:57  SCV  
  73  12:58  SCV x2  
  80  13:06  Combat Shields  
  80  13:07  Marine  
  80  13:08  Marine  
  80  13:09  Marine, SCV  
  80  13:10  SCV x2, Hellion  
  88  13:24  Viking  
  88  13:25  Viking, Marauder  
  88  13:26  Marine x2  
  96  13:31  Hellion  
  92  13:44  Marine x2  
  92  13:46  Marauder  
  89  13:52  Hellion  
  89  13:54  Viking  
  89  13:55  Viking  
  74  14:02  Marine x2, SCV x2  
  69  14:03  SCV  
  69  14:08  Marauder  
  72  14:14  SCV  
  72  14:15  SCV x2  
  75  14:20  Marine x2  
  77  14:24  Viking  
  77  14:25  Viking  
  77  14:26  SCV  
  77  14:27  SCV x2  
  77  14:29  Marauder  
  86  14:33  Concussive Shells  
  86  14:37  Marine, Liberator  
  86  14:38  Marine, Liberator, SCV  
  89  14:39  SCV x2  
  85  14:50  Marine, SCV  
  85  14:51  SCV x2  
  89  14:55  Marine x2  
  97  15:08  Marine  
  97  15:13  Marine x2  
  100  15:25  Marine  
  101  15:40  Supply Depot  
  101  15:41  Liberator x2  
  101  15:54  Marine x2  
  101  15:57  Marine  
  101  16:03  Supply Depot  
  70  16:12  Marine x2  
  70  16:15  Marine  
  70  16:18  Thor  
  79  16:23  Refinery  
  79  16:24  Liberator x2  
  79  16:25  Supply Depot  
  79  16:27  Refinery  
  79  16:30  Marine x2  
  81  16:33  Marine  
  88  16:47  Marine x2  
  88  16:48  Supply Depot  
  88  16:51  Marine  
  91  17:00  Thor  
  97  17:05  Marine x2  
  97  17:07  Liberator x2  
  99  17:08  Marine  
  99  17:13  Supply Depot  
  100  17:16  Terran Vehicle And Ship Armor Level 1  
  100  17:23  Marine x2  
  100  17:25  Supply Depot  
  100  17:26  Marine  
  100  17:28  Supply Depot  
  100  17:29  Supply Depot  
  109  17:37  Supply Depot  
  109  17:41  Marine x2  
  109  17:43  Thor  
  117  17:44  Marine  
  117  17:50  Liberator x2  
  118  17:52  Supply Depot  
  118  17:59  Marine x2  
  118  18:02  Marine  
  93  18:17  Marine x2  
  92  18:20  Marine  
  95  18:27  Hellion  
  95  18:34  Marine x2  
  95  18:37  Marine  
  98  18:48  Hellion  
  100  18:50  Medivac x2  
  100  18:52  Marine x2  
  106  18:55  Marine  
  106  18:59  Barracks  
  107  19:09  Hellion  
  109  19:10  Marine x2, Terran Ship Weapons Level 1  
  109  19:13  Marine  
  109  19:14  Liberator x2, Barracks  
  112  19:28  Marine x2  
  112  19:31  Marine, Hellion  
  123  19:39  Command Center  
  123  19:46  Marine x2  
  123  19:49  Marine  
  123  19:52  Thor  
  132  19:57  Liberator x2  
  132  20:03  Marine x2  
  132  20:07  Marine  
  141  20:21  Marine x2  
  141  20:24  Marine, Command Center  
  144  20:34  Thor  
  150  20:39  Marine x2  
  150  20:40  Liberator x2  
  150  20:42  Marine  
  153  20:57  Marauder  
  161  21:17  Thor  
  161  21:18  Marine x3  
  168  21:22  Liberator  
  168  21:23  Liberator  
  170  21:36  Marine x2  
  72  22:49  Fusion Core  
Tags
 
Add a new tag
Caveats
  • Supply blocks, unpowered buildings, or Contaminate may cause inaccurate times.
  • Supply counts are checked every 10 seconds.